 Dungeon Crawl Stone Soup version 0.31.0-11-ge490571c62 (webtiles) character file.

Game seed: 6564956026928967067

58 qw the Shooter (level 3, 0/20 HPs)
             Began as a Deep Elf Hunter on Feb 4, 2024.
             Slain by a jackal (1 damage)
             ... on level 3 of the Dungeon.
             The game lasted 00:00:04 (1521 turns).

qw the Shooter (Deep Elf Hunter)                    Turns: 1521, Time: 00:00:05

Health: 0/20       AC:  5    Str: 10    XL:     3   Next: 76%
Magic:  5/5        EV: 11    Int: 13    God:
Gold:   162        SH:  0    Dex: 18    Spells: 2/2 levels left

rFire   . . .        a - +0 shortbow
rCold   . . .        (shield currently unavailable)
rNeg    . . .        d - +0 ring mail
rPois   .            (no helmet)
rElec   .            (no cloak)
rCorr   .            (no gloves)
SInv    .            (no boots)
Will    .....        (no amulet)
Stlth   +            (no ring)
HPRegen 0.23/turn    (no ring)
MPRegen 0.09/turn

%: no passive effects
@: no status effects
A: no striking features
a: no special abilities


You were on level 3 of the Dungeon.
You visited 1 branch of the dungeon, and saw 3 of its levels.

You collected 162 gold pieces.


   Skills:
 - Level 1.5 Fighting
 + Level 7.2 Ranged Weapons
 - Level 2.4 Dodging
 - Level 1.2 Stealth


You had 2 spell levels left.
You didn't know any spells.
Your spell library was empty.

Inventory:

Hand Weapons
 a - a +0 shortbow (weapon)
Armour
 d - a +0 ring mail (worn)
Jewellery
 c - a +6 ring of intelligence
Potions
 b - a potion of degeneration {unknown}
 e - 2 potions of curing
 f - a potion of berserk rage {unknown}
 g - 2 potions of cancellation
 h - a potion of invisibility {unknown}
 i - a potion of mutation {unknown}

Dungeon Overview and Level Annotations

Branches:
Dungeon (3/15)

Altars:
Dithmenos
Zin


Message History

A jackal comes into view.
You shoot an arrow. The arrow barely misses the orc.
The jackal barks!
A jackal comes into view.
You shoot an arrow. The arrow barely misses the orc.
An orc comes into view. It is wielding a +0 club.
You shoot an arrow. The arrow closely misses the jackal.
The arrow barely misses the jackal.
An orc wizard comes into view. It is wielding a +0 dagger.
You shoot an arrow. The arrow closely misses the jackal.
The jackal bites you.
The orc hits you from afar with a +0 trident.
The jackal barely misses you.
You shoot an arrow. The arrow hits the jackal.
The jackal is moderately wounded.
The jackal bites you. The jackal closely misses you.
The orc hits you from afar with a +0 trident.
The jackal closely misses you.
You shoot an arrow. The arrow hits the jackal.
The jackal is heavily wounded.
The orc hits you from afar with a +0 trident.
You shoot an arrow. The arrow closely misses the jackal.
The jackal closely misses you. The jackal barely misses you.
The orc barely misses you.
The orc wizard mumbles some strange words.
The orc wizard flickers and vanishes!
Deactivating autopickup; reactivate with Ctrl-A.
The jackal bites you. x2
You shoot an arrow. The arrow barely misses the jackal.
The jackal bites you but does no damage.
The jackal closely misses you. The jackal bites you.
You shoot an arrow. The arrow barely misses the jackal.
The jackal bites you. The jackal misses you. The jackal barely misses you.
You shoot an arrow. The arrow hits the jackal!
You kill the jackal!
The jackal closely misses you. The jackal barely misses you.
You shoot an arrow. The arrow hits the orc.
The orc is lightly wounded.
The jackal bites you.
You die...

..¤~¤¤~~~~~¤..##.
#............### .
#............# >.
#............# ...
#......#.....#
..###
#......#.....###
...
#......#.......#
#.##......#.....#..
#o@..####.#.....#.8
#oh#### #.##.......
...o{ #.##.####.8
.....## #.##.# #..
_...# #.##.# ###
.... .##.# ... #)#
.. #.######
#.......


You could see 3 orcs and a jackal.

Vanquished Creatures
  2 adders (D:2)
  A ribbon worm (D:2)
  An orc (D:3)
  8 bats
  2 endoplasms (D:1)
  A goblin (D:2)
  7 hobgoblins
  A jackal (D:3)
  2 quokkas (D:2)
  3 ball pythons
  2 frilled lizards
  A kobold (D:2)
  6 rats
37 creatures vanquished.

Notes
Turn   | Place    | Note
-------+----------+-------------------------------------------
     0 | D:1      | qw the Deep Elf Hunter began the quest for the Orb.
     0 | D:1      | Reached XP level 1. HP: 12/12 MP: 3/3
     0 | D:1      | 0 ||| qw: Version: 0.3-a-160-g6735b56
     0 | D:1      | 0 ||| qw: Game counter: 5141
     0 | D:1      | 0 ||| qw: Melee chars always use a shield: true
     0 | D:1      | 0 ||| qw: God list: Okawaru
     0 | D:1      | 0 ||| qw: Allow faded altars: false
     0 | D:1      | 0 ||| qw: Do Orc after clearing Dungeon:15 true
     0 | D:1      | 0 ||| qw: Do second Lair branch before Depths: true
     0 | D:1      | 0 ||| qw: Lair rune preference: random
     0 | D:1      | 0 ||| qw: Goals: Normal
     0 | D:1      | 0 ||| PLANNING D:1-11
   125 | D:1      | Reached skill level 6 in Ranged Weapons
   125 | D:1      | Reached XP level 2. HP: 16/16 MP: 4/4
   448 | D:1      | 448 ||| READING scroll labelled ULERUO KAAWEC COGO.
   448 | D:1      | 448 ||| IDENTIFYING silvery potion
   449 | D:1      | 449 ||| READING scroll labelled AGUURUPSIU.
   450 | D:1      | 450 ||| READING scroll labelled GUIZAR NEVIVAQ.
   451 | D:1      | 451 ||| DROPPING scroll of butterflies.
   733 | D:2      | Reached XP level 3. HP: 20/20 MP: 5/5
  1110 | D:2      | Reached skill level 7 in Ranged Weapons
  1264 | D:2      | 1264 ||| UPGRADING to +0 ring mail.
  1274 | D:2      | 1274 ||| DROPPING +0 leather armour.
  1275 | D:2      | 1275 ||| READING scroll labelled QOLLIE YHUCOGG.
  1376 | D:2      | 1376 ||| DRINKING 3 murky grey potions.
  1496 | D:3      | Found a glowing silver altar of Zin.
  1509 | D:3      | Found a shadowy altar of Dithmenos.
  1517 | D:3      | HP: 4/20 [jackal (2)]
  1519 | D:3      | HP: 1/20 [jackal (1)]
  1521 | D:3      | Slain by a jackal

Levels and vault maps discovered:
D:1:      dpeg_arrival_connections, layout_basic
D:2:      layout_loops_corners
D:3:      layout_basic, mainiacjoe_overflow_brackets,
          nicolae_dithmenos_shadow_blocks,
          dreamdust_ecumenical_altar_angels_and_demons, uniq_ijyb

Skill      XL: |  1  2  3 |
---------------+----------+-----
Ranged Weapons | 6 7 |  7.2
Fighting       | |  1.5
Dodging        | |  2.4
Stealth        | |  1.2

Action                     || total
---------------------------++-------
   Fire: Shortbow          ||    95
    Use: Scroll            ||     4
         Potion            ||     1
 Armour: Leather armour    ||     5
         Ring mail         ||    12
  Dodge: Dodged            ||    17

Table legend:
 A = Non-vault XP
 B = Vault XP
 C = Vault XP percentage of total XP
 D = Non-vault monster count
 E = Vault monster count
 F = Vault count percentage of total count
                 A         B        C        D         E       F
            +---------+---------+-------+---------+---------+-------
      Total |      84 |       0 |   0.0 |      37 |       0 |   0.0
            +---------+---------+-------+---------+---------+-------
        D:1 |      22 |       0 |   0.0 |      15 |       0 |   0.0
        D:2 |      56 |       0 |   0.0 |      19 |       0 |   0.0
        D:3 |       6 |       0 |   0.0 |       3 |       0 |   0.0
            +---------+---------+-------+---------+---------+-------
